 Dungeon Crawl Stone Soup version 0.23-a0-303-gfcac5de (webtiles) character file.

71 Ijustatesigmund the Conjurer (level 4, -1/27 HPs)
             Began as an Octopode Wizard on Oct 5, 2018.
             Succumbed to a water moccasin's poison
             ... on level 2 of the Dungeon on Oct 8, 2018.
             The game lasted 00:04:30 (1668 turns).

Ijustatesigmund the Conjurer (Octopode Wizard)      Turns: 1668, Time: 00:04:31

Health: -1/27      AC:  2    Str:  6    XL:     4   Next: 24%
Magic:  5/17       EV: 12    Int: 20    God:
Gold:   90         SH:  3    Dex: 11    Spells: 6/9 levels left

rFire    . . .     SeeInvis .   d - +0 mace
rCold    . . .     Gourm    .   f - +0 buckler
rNeg     . . .     Faith    .   a - +1 hat
rPois    .         Spirit   .   (no amulet)
rElec    .         Reflect  .   l - ring of magical power
rCorr    .         Harm     .   (no ring)
MR       .....                  (no ring)
Stlth    +++.......             (no ring)
HPRegen  0.09/turn              (no ring)
MPRegen  0.15/turn              (no ring)
                                (no ring)
                                (no ring)

@: lethally poisoned (-1 -> -21)
A: almost no armour, stealthy swim, amphibious, 8 rings, constrict 8, camouflage
1, gelatinous body 1
a: no special abilities


You were on level 2 of the Dungeon.
You were not hungry.

You visited 1 branch of the dungeon, and saw 2 of its levels.

You collected 90 gold pieces.

Inventory:

Hand Weapons
 d - a +0 mace (weapon)
Armour
 a - a +1 hat (worn)
 f - a +0 buckler (worn)
Jewellery
 l - a ring of magical power (left tentacle)
Scrolls
 h - 2 scrolls of identify {unknown}
 m - a scroll of teleportation {unknown}
Potions
 b - a potion of flight
 i - a potion of might {unknown}
Comestibles
 c - 7 rations
 k - a chunk of flesh


   Skills:
 + Level 0.3 Maces & Flails
 - Level 2.0 Dodging
 - Level 2.6 Stealth
 + Level 1.0 Shields
 - Level 3.0 Spellcasting
 + Level 3.6 Conjurations
   Level 1.0 Summonings
 - Level 1.0 Translocations


You had 6 spell levels left.
You knew the following spells:

 Your Spells              Type           Power        Failure   Level  Hunger
a - Magic Dart            Conj           ###.         4%          1    None
b - Blink                 Tloc           N/A          21%         2    ##.....

Your spell library contained the following spells:

 Spells                   Type           Power        Failure   Level  Hunger
 Call Imp                 Summ           #.......     21%         2    ##.....
 Slow                     Hex            #.......     30%         2    ##.....
 Conjure Flame            Conj/Fire      ##......     30%         3    ###....
 Mephitic Cloud           Conj/Pois/Air  #.......     36%         3    ###....


Dungeon Overview and Level Annotations

Branches:
Dungeon (2/15)

Altars:


Innate Abilities, Weirdness & Mutations

You cannot wear most types of armour.
You are very stealthy in the water. (Stealth+)
You are amphibious.
You can wear up to eight rings at the same time.
You can use your tentacles to constrict eight enemies at once.
Your skin changes colour to match your surroundings (Stealth+).
Your rubbery body absorbs attacks. (AC +1, EV +1)


Message History

Aiming: Magic Dart (safe; 4% risk of failure)
Press: ? - help, Shift-Dir - straight line, f/p - water moccasin
Aim: a water moccasin (almost dead)
The magic dart hits the water moccasin.
The water moccasin is almost dead.
The water moccasin bites you!
* * * LOW HITPOINT WARNING * * *
You are more poisoned.
The water moccasin poisons you!
It was a potion of lignification.
You turn into a tree.
Your +1 hat melds into your body.
Your roots penetrate the ground.
* * * LOW HITPOINT WARNING * * *
You feel sick.
The water moccasin bites you but does no damage.
It was a potion of cancellation.
Your magical effects are unravelling.
You feel magically purged.
You feel less wooden.
Your +1 hat unmelds from your body.
You die...

#.......# #.......#
####.......#
##...........
#######............
##......##..........
##......####.........
#.......# #.........
#...@...# #.........
#....S..# ..........
#.......# #.........
#.......# .........
##......# ....(.
#......† ......
......... ######
#..........


You could see a water moccasin.

Vanquished Creatures
  2 adders (D:2)
  2 oozes (D:1)
  A worm (D:2)
  2 dart slugs (D:2)
  2 leopard geckos
  5 bats
  2 giant cockroaches
  3 hobgoblins (D:1)
  3 jackals (D:1)
  3 frilled lizards
  6 goblins
  2 kobolds (D:1)
  4 rats
37 creatures vanquished.

Notes
Turn   | Place    | Note
-------+----------+-------------------------------------------
     0 | D:1      | Ijustatesigmund the Octopode Wizard began the quest for the
                  | Orb.
     0 | D:1      | Reached XP level 1. HP: 11/11 MP: 4/4
   167 | D:1      | Reached XP level 2. HP: 6/17 MP: 0/6
   387 | D:1      | Learned a level 2 spell: Blink
   669 | D:1      | Reached XP level 3. HP: 18/21 MP: 0/7
  1123 | D:2      | Upgraded the game from 0.23-a0-296-ga3b1b28 to
                  | 0.23-a0-303-gfcac5de
  1291 | D:2      | Reached XP level 4. HP: 27/27 MP: 1/8
  1569 | D:2      | Reached skill level 1 in Shields
  1650 | D:2      | Noticed a water moccasin
  1667 | D:2      | HP: 2/40 [poisoned by a water moccasin]
  1668 | D:2      | Succumbed to a water moccasin's poison

Vault maps used:
D:1:      dpeg_arrival_windows_large_door
D:2:      gammafunk_temple_overflow_elements, serial_glass, glass_columns_a,
          glass_columns_b

Skill      XL: |  1  2  3  4 |
---------------+-------------+-----
Conjurations   | 2 3 |  3.6
Shields        | 1 |  1.0
Maces & Flails | |  0.3
Dodging        | |  2.0
Stealth        | |  2.6
Spellcasting   | |  3.0
Summonings     | |  1.0
Translocations | |  1.0

Action                   |  1- 3 |  4- 6 || total
-------------------------+-------+-------++-------
Melee: Dagger            |    32 |       ||    32
       Constrict         |     7 |       ||     7
       Tentacles         |     7 |       ||     7
 Cast: Magic Dart        |    60 |    25 ||    85
  Use: Scroll            |     1 |       ||     1
       Potion            |       |     4 ||     4
 Stab: Sleeping          |     1 |       ||     1
  Eat: Chunk             |       |     2 ||     2
Armor: Skin              |     6 |     1 ||     7
Dodge: Dodged            |    17 |    10 ||    27
Block: Buckler           |     1 |     3 ||     4

Table legend:
 A = Non-vault XP
 B = Vault XP
 C = Vault XP percentage of total XP
 D = Non-vault monster count
 E = Vault monster count
 F = Vault count percentage of total count
                 A         B        C        D         E       F
            +---------+---------+-------+---------+---------+-------
      Total |     102 |       0 |   0.0 |      37 |       0 |   0.0
            +---------+---------+-------+---------+---------+-------
        D:1 |      48 |       0 |   0.0 |      23 |       0 |   0.0
        D:2 |      54 |       0 |   0.0 |      14 |       0 |   0.0
            +---------+---------+-------+---------+---------+-------
